 Dungeon Crawl Stone Soup version 0.21-a0-507-ga8f6b7a (webtiles) character file.

2586 kae the Grappler (level 9, -2/86 (89) HPs)
             Began as a Troll Monk on Nov 27, 2017.
             Was a Priest of Wu Jian.
             Slain by a gnoll sergeant
             ... wielding a +3 vampiric spear
              (7 damage)
             ... on level 6 of the Dungeon.
             The game lasted 00:07:31 (5399 turns).

kae the Grappler (Troll Monk)                       Turns: 5399, Time: 00:07:32

HP:   -2/86 (89)    AC:  6    Str: 21    XL:     9   Next: 32%
MP:   8/8           EV: 13    Int:  6    God:    Wu Jian [***...]
Gold: 575           SH:  0    Dex: 15    Spells: 8/8 levels left

rFire    . . .     SeeInvis +     - Unarmed
rCold    + . .     Gourm    +   (no shield)
rNeg     . . .     Faith    .   a - +0 robe
rPois    .         Spirit   .   (helmet restricted)
rElec    .         Reflect  .   k - +0 cloak
rCorr    .         Harm     .   (gloves unavailable)
MR       .....                  (boots unavailable)
Stlth    ++........             (no amulet)
HPRegen  0.64/turn              d - ring of protection from cold
MPRegen  0.11/turn              t - ring of see invisible

@: no status effects
A: large, unfitting armour, claws 3, fast metabolism 3, gourmand, regeneration
1, shaggy fur 1, tough skin 2
a: Serpent's Lash, Renounce Religion


You were on level 6 of the Dungeon.
You worshipped Wu Jian.
Wu Jian was most pleased with you.
You were very full.

You visited 2 branches of the dungeon, and saw 7 of its levels.
You also visited: Sewer.

You collected 607 gold pieces.
You spent 32 gold pieces at shops.

Inventory:

Armour
 a - a +0 robe (worn)
 k - a +0 cloak (worn)
Jewellery
 d - a ring of protection from cold (left claw)
 t - a ring of see invisible (right claw)
Wands
 n - a wand of polymorph (12)
 p - a wand of iceblast (5)
 s - a wand of clouds (4)
Scrolls
 c - 2 scrolls of identify
 e - a scroll of amnesia
 i - 3 scrolls of remove curse
 j - 3 scrolls of teleportation
Potions
 h - a potion of haste
 l - 8 potions of curing
 m - 2 potions of might
 o - 3 potions of flight
 r - a potion of ambrosia
 v - a potion of degeneration {unknown}
Books
 q - a book of Flames

   Spells                             Type                      Level
   a - Flame Tongue                   Conjuration/Fire             1
   b - Throw Flame                    Conjuration/Fire             2
   c - Conjure Flame                  Conjuration/Fire             3
   d - Inner Flame                    Hexes/Fire                   3
   e - Sticky Flame                   Conjuration/Fire             4
   f - Fireball                       Conjuration/Fire             5
 w - a book of Battle

   Spells                             Type                      Level
   a - Infusion                       Charms                       1
   b - Shroud of Golubria             Charms/Translocation         2
   c - Song of Slaying                Charms                       2
   d - Spectral Weapon                Hexes/Charms                 3
   e - Regeneration                   Charms/Necromancy            3
Comestibles
 b - 5 bread rations
 f - 5 meat rations
 g - 4 royal jellies


   Skills:
 + Level 5.8 Fighting
 + Level 5.8 Dodging
 - Level 1.0 Stealth
 * Level 9.5 Unarmed Combat


You had 8 spell levels left.
You didn't know any spells.

Dungeon Overview and Level Annotations

Branches:
Dungeon (6/15)             Temple (1/1) D:4

Altars:
Ashenzari
Cheibriados
Elyvilon
Fedhas
Gozag
Hepliaklqana
Kikubaaqudgha
Makhleb
Nemelex Xobeh
Okawaru
Qazlal
Ru
Trog
Wu Jian
Xom
Yredelemnul
Zin

Shops:
D:6 (}*


Innate Abilities, Weirdness & Mutations

You are too large for most types of armour.
You have claws for hands.
Your metabolism is lightning-fast.
You like to eat raw meat.
Your natural rate of healing is unusually fast.
You are covered in fur. (AC +1)
You have very tough skin. (AC +2)


Message History

You hear a bark!
You hear a shout! x2
The gnoll sergeant hits you from afar with a vampiric spear.
* * * LOW HITPOINT WARNING * * *
There is an escape hatch in the floor here.
You hear a bark!
There is an open gate here.
You hear a shout!
The centaur shoots an arrow.
The arrow hits you!
* * * LOW HITPOINT WARNING * * *
You see here an arrow.
The centaur shoots an arrow.
The arrow barely misses you.
The centaur shoots an arrow.
The arrow hits you!
* * * LOW HITPOINT WARNING * * *
The hobgoblin hits the plant but does no damage. x2
There is a stone staircase leading up here.
You see here an arrow.
The hobgoblin shouts!
The gnoll sergeant hits you from afar with a vampiric spear!
You die... ...(.. pK..pg #...#P♣♣♣P♣...# gog.

##### ##o'(#PPPPP...## ###
###♣♣♣..P♣♣♣♣.g..♣PPP♣P...#
..♣♣♣.♣P♣P..PP♣PPg(g..P♣P.....#
...P♣P.P.P.gP♣P♣P.....P.P....##
...P.P......P.P..)..........#####
................cg.....).........
.......##.##....g.....)†.########
........####...#@....(.### #
..####....#...........## #
#......##.'......(#.### #
######..###.......#.# # #
#..########+##.# # # #...# #.##.#
# # #.#.#######.##.# ########## #
#........))(##.####........#
#########.###.).................'


You could see a gnoll sergeant, a centaur, an orc priest and 5 hobgoblins.

Vanquished Creatures
  Pikel (D:6)
  Grinder (D:6)
  Prince Ribbit (D:6)
  Eustachio (D:5)
  Menkaure (D:4)
  Edmund (D:5)
  A phantom (D:5)
  3 ogres
  A necrophage (D:6)
  A centaur (D:6)
  A big kobold (Sewer)
  A bullfrog (D:6)
  A gnoll sergeant (D:6)
  A crimson imp (D:5)
  A hound (D:6)
  A jelly (D:5)
  2 orc priests (D:5)
  2 iguanas
  5 orc wizards
  2 worker ants
  A hound zombie (D:5)
  6 gnolls
  7 adders
  3 river rats
  2 shadow imps
  2 oozes
  2 adder skeletons (D:4)
  3 worms
  A dart slug (D:2)
  3 leopard geckos
  11 orcs
  A ball python (D:3)
  7 giant cockroaches
  5 goblins
  4 hobgoblins
  10 jackals
  9 kobolds
  3 quokkas
  10 bats
  6 frilled lizards
  A leopard gecko skeleton (D:5)
  10 rats
136 creatures vanquished.

Vanquished Creatures (others)
  A gnoll shaman (D:6)
  2 gnolls (D:6)
  2 hobgoblins (D:6)
  A kobold (D:6)
6 creatures vanquished.

Grand Total: 142 creatures vanquished

Notes
Turn   | Place    | Note
-------+----------+-------------------------------------------
     0 | D:1      | kae the Troll Monk began the quest for the Orb.
     0 | D:1      | Reached XP level 1. HP: 22/22 MP: 0/0
   249 | D:1      | Reached XP level 2. HP: 25/29 MP: 1/1
   577 | D:1      | Reached XP level 3. HP: 30/36 MP: 2/2
  1029 | D:2      | Reached skill level 4 in Unarmed Combat
  1244 | D:2      | Reached XP level 4. HP: 44/44 MP: 3/3
  1583 | D:3      | Found a sacrificial altar of Ru.
  2245 | D:4      | Reached XP level 5. HP: 52/53 MP: 4/4
  2292 | D:4      | Found a shimmering altar of Xom.
  2343 | D:4      | Noticed Menkaure
  2350 | D:4      | Killed Menkaure
  2350 | D:4      | Reached skill level 5 in Unarmed Combat
  2354 | D:4      | Reached XP level 6. HP: 55/61 MP: 5/5
  2395 | D:4      | Found a glowing drain.
  2407 | Sewer    | Entered a sewer
  2504 | Sewer    | Found a white marble altar of Elyvilon.
  2768 | D:4      | Found a staircase to the Ecumenical Temple.
  2809 | D:4      | Reached skill level 6 in Unarmed Combat
  2854 | Temple   | Entered the Ecumenical Temple
  3066 | Temple   | Became a worshipper of the Wu Jian Council
  3066 | Temple   | Reached * piety under Wu Jian
  3066 | Temple   | Reached ** piety under Wu Jian
  3180 | D:4      | Reached XP level 7. HP: 66/68 MP: 6/6
  3334 | D:4      | Found a stormy altar of Qazlal.
  3467 | D:5      | Entered Level 5 of the Dungeon
  3518 | D:5      | Noticed Edmund
  3527 | D:5      | Killed Edmund
  4045 | D:5      | Reached skill level 7 in Unarmed Combat
  4135 | D:5      | Reached XP level 8. HP: 70/79 MP: 7/7
  4224 | D:5      | Noticed Eustachio
  4234 | D:5      | Killed Eustachio
  4455 | D:6      | Reached skill level 8 in Unarmed Combat
  4510 | D:6      | Found Ehinacuz's Assorted Antiques.
  4540 | D:6      | Reached skill level 5 in Fighting
  4540 | D:6      | Reached skill level 5 in Dodging
  4613 | D:6      | Bought a scroll labeled MIUR GAICENEKIOT for 32 gold pieces
  4751 | D:6      | Found Maev's Gadget Emporium.
  4757 | D:6      | Found Bigilich's Antique Weapon Boutique.
  4820 | D:6      | Noticed Pikel
  4898 | D:6      | Noticed Prince Ribbit
  4910 | D:6      | Killed Prince Ribbit
  4942 | D:6      | Noticed Grinder
  4947 | D:6      | Killed Grinder
  5131 | D:6      | Reached skill level 9 in Unarmed Combat
  5131 | D:6      | Reached XP level 9. HP: 57/85 MP: 8/8
  5131 | D:6      | Reached *** piety under Wu Jian
  5384 | D:6      | Killed Pikel
  5398 | D:6      | HP: 4/86 [centaur/arrow (10)]
  5399 | D:6      | Slain by a gnoll sergeant

Vault maps used:
D:1:      lemuel_arrival_tunnels, minmay_misc_feat_four_crosses,
          serial_bayou_pond_d
D:2:      first_bread
D:3:      kennysheep_flooded_box
D:4:      nicolae_overflow_crystal_walls, minmay_temple_entry_enclosed_plants,
          cheibrodos_sewer_entry_sluice, grunt_qazlal_clouds, uniq_menkaure
D:5:      grunt_ministairs_1, uniq_edmund, uniq_eustachio
D:6:      kennysheep_housing_project, serial_shops, shop,
          nicolae_shop_overgrown_old_shop, nicolae_shop_overgrown_old_shop,
          uniq_pikel, uniq_prince_ribbit1, uniq_grinder
Temple:   eino_temple_scatter_basement
Sewer:    sewer_kobolds

Skill      XL: |  1  2  3  4  5  6  7  8 |
---------------+-------------------------+-----
Unarmed Combat | 4 5 6 7 9 |  9.5
Fighting       | 3 4 5 |  5.8
Dodging        | 3 4 5 |  5.8
Stealth        | |  1.0

Action                   |  1- 3 |  4- 6 |  7- 9 || total
-------------------------+-------+-------+-------++-------
Melee: Unarmed           |   104 |   120 |   180 ||   404
       Punch             |     1 |       |     4 ||     5
  Use: Scroll            |     3 |     4 |     7 ||    14
       Potion            |       |       |     1 ||     1
 Stab: Sleeping          |     7 |     8 |     2 ||    17
  Eat: Chunk             |    12 |    16 |    25 ||    53
Armor: Robe              |    33 |    33 |    24 ||    90
Dodge: Dodged            |    48 |    68 |    70 ||   186

Table legend:
 A = Spawn XP
 B = Non-spawn XP
 C = Spawn XP percentage of total XP
 D = Spawn monster count
 E = Non-spawn monster count
 F = Spawn count percentage of total count
 G = Total turns spent on level
                    A         B        C        D         E        F      G
               +---------+---------+-------+---------+---------+-------+---------
         Total |       0 |    3695 |   0.0 |       0 |     136 |   0.0 |  5399
               +---------+---------+-------+---------+---------+-------+---------
           D:1 |       0 |      54 |   0.0 |       0 |      20 |   0.0 |   863
           D:2 |       0 |      46 |   0.0 |       0 |      18 |   0.0 |   625
           D:3 |       0 |      65 |   0.0 |       0 |      18 |   0.0 |   714
           D:4 |       0 |     445 |   0.0 |       0 |      16 |   0.0 |   904
           D:5 |       0 |     981 |   0.0 |       0 |      32 |   0.0 |   921
           D:6 |       0 |    1969 |   0.0 |       0 |      22 |   0.0 |  1011
         Sewer |       0 |     135 |   0.0 |       0 |      10 |   0.0 |   140
               +---------+---------+-------+---------+---------+-------+---------
